 Dungeon Crawl Stone Soup version 0.26-a0-639-g72c4674329 (webtiles) character file.

Game seed: 9610610055926847220

4363 Conn the Covert (level 10, -17/66 HPs)
             Began as an Octopode Hedge Wizard on Sept 19, 2020.
             Was a Believer of Sif Muna.
             Hit by a large rock thrown by a stone giant (50 damage)
             ... on level 9 of the Dungeon.
             The game lasted 00:44:02 (12447 turns).

Conn the Covert (Octopode Hedge Wizard)            Turns: 12447, Time: 00:44:08

Health: -17/66     AC:  6    Str:  9    XL:     10   Next: 34%
Magic:  18/21      EV: 14    Int: 25    God:    Sif Muna [**....]
Gold:   98         SH:  6    Dex: 11    Spells: 6/23 levels left

rFire    . . .     SeeInvis +   q - +4 dagger (drain)
rCold    + + .     Faith    .   H - +3 warlock's mirror {reflect}
rNeg     . . .     Spirit   .   b - +1 hat
rPois    .         Reflect  +   G - amulet of magic regeneration
rElec    .         Harm     .   a - ring of flight
rCorr    .         Rampage  .   n - +6 ring of intelligence
MR       .....                  x - +4 ring of protection
Stlth    +++++.....             (no ring)
HPRegen  0.21/turn              (no ring)
MPRegen  0.42/turn              (no ring)
                                (no ring)
                                (no ring)

@: no status effects
A: almost no armour, stealthy swim, amphibious, 8 rings, constrict 8, camouflage
1, see invisible, clumsy 1, cold resistance 2, sense surroundings 1, gelatinous
body 1
a: Channel Magic, Renounce Religion, Evoke Flight


You were on level 9 of the Dungeon.
You worshipped Sif Muna.
Sif Muna was pleased with you.
You visited 3 branches of the dungeon, and saw 11 of its levels.
You also visited: Ossuary.

You collected 722 gold pieces.
You spent 624 gold pieces at shops.

Inventory:

Hand Weapons
 d - a +1 short sword
 l - a +3 war axe
 q - a +4 dagger of draining (weapon)
Missiles
 h - 5 poisoned darts (quivered)
Armour
 b - a +1 hat (worn)
 H - the +3 warlock's mirror (worn) {reflect}
   (You acquired it on level 5 of the Dungeon)
Jewellery
 a - a ring of flight (left tentacle)
 k - an uncursed amulet of reflection
 n - a +6 ring of intelligence (right tentacle)
 x - a +4 ring of protection (on tentacle)
 G - an amulet of magic regeneration (around mantle)
Wands
 j - a wand of paralysis (4)
 y - a wand of random effects (20)
 z - a wand of acid (5)
Scrolls
 c - 8 scrolls of identify
 f - 7 scrolls of remove curse
 g - 2 scrolls of fear
 i - 6 scrolls of teleportation
 m - a scroll of blinking
 o - a scroll of silence
 t - a scroll of enchant weapon
 A - a scroll of amnesia
 B - 2 scrolls of immolation
 I - a scroll of torment {unknown}
Potions
 e - a potion of resistance
 p - 2 potions of ambrosia
 r - a potion of mutation
 s - 4 potions of lignification
 u - 2 potions of cancellation
 v - 7 potions of curing
 w - 2 potions of heal wounds
 C - 2 potions of degeneration
 D - 2 potions of flight
 E - a potion of stabbing {unknown}
 F - a potion of brilliance


   Skills:
 * Level 5.0 Fighting
 + Level 5.0 Short Blades
 + Level 1.3 Throwing
 + Level 4.6 Dodging
 + Level 8.0 Stealth
 * Level 0.5 Shields
 * Level 7.4 Spellcasting
 * Level 6.2 Conjurations
 + Level 2.4 Summonings
 * Level 1.4 Translocations
 * Level 1.3 Fire Magic
 * Level 1.3 Air Magic
 * Level 2.4 Poison Magic
 + Level 0.4 Evocations


You had 6 spell levels left.
You knew the following spells:

 Your Spells              Type           Power        Failure   Level
a - Magic Dart            Conj           ####         1%          1
b - Blink                 Tloc           N/A          9%          2
c - Call Imp              Summ           ###.....     5%          2
d - Conjure Flame         Conj/Fire      ####....     6%          3
e - Mephitic Cloud        Conj/Pois/Air  ####....     8%          3
f - Call Canine Familiar  Summ           ###.....     11%         3
g - Summon Guardian Gole  Hex/Summ       ###.....     19%         3

Your spell library contained the following spells:

 Spells                   Type           Power        Failure   Level
 Summon Small Mammal      Summ           ###.         3%          1
 Corona                   Hex            #......      10%         1
 Slow                     Hex            #.......     16%         2
 Gell's Gravitas          Tloc           ###.......   17%         3
 Inner Flame              Hex/Fire       ##......     22%         3
 Portal Projectile        Hex/Tloc       ##....       22%         3
 Confusing Touch          Hex            #.......     30%         3
 Summon Lightning Spire   Summ/Air       ###.....     41%         4
 Summon Ice Beast         Ice/Summ       ###.....     52%         4
 Irradiate                Conj/Tmut      ####......   58%         5
 Cause Fear               Hex            #.........   69%         4
 Leda's Liquefaction      Hex/Erth       #.........   69%         4
 Petrify                  Tmut/Erth      #.......     69%         4
 Silence                  Hex/Air        ##........   91%         5
 Metabolic Englaciation   Hex/Ice        #.........   95%         5
 Yara's Violent Unravell  Hex/Tmut       #.........   95%         5
 Hydra Form               Tmut           #.........   100%        6
 Statue Form              Tmut/Erth      #........    100%        6
 Dragon Form              Tmut           #.........   100%        7
 Discord                  Hex            #.........   100%        8


Dungeon Overview and Level Annotations

Branches:
Dungeon (9/15)             Temple (1/1) D:7             Orc (1/2) D:9
Ossuary (visited)
   Lair: D:8-11

Altars:
Ashenzari
Cheibriados
Dithmenos
Elyvilon
Fedhas
Gozag
Hepliaklqana
Kikubaaqudgha
Makhleb
Nemelex Xobeh
Okawaru
Qazlal
Ru
Sif Muna
Trog
Uskayaw
Vehumet
Wu Jian
Xom
Yredelemnul
Zin
The Shining One

Shops:
D:4 =   D:5 *   D:9 =


Innate Abilities, Weirdness & Mutations

You cannot wear most types of armour.
You are very stealthy in the water. (Stealth+)
You are amphibious.
You can wear up to eight rings at the same time.
You can use your tentacles to constrict eight enemies at once.
Your skin changes colour to match your surroundings (Stealth+).
Your rubbery body absorbs attacks. (AC +1, EV +1)
You have supernaturally acute eyesight. (SInv)
You are clumsy. (Dex -2)
Your flesh is very cold resistant. (rC++)
You passively map a small area around you.


Message History

Unknown command.
Unknown command.
Press: ? - help, Dir - move target cursor
As you read the scroll of blinking, it crumbles to dust.
Casting: Magic Dart (safe; 1% risk of failure)
Confirm with . or Enter, or press ? or * to list all spells.
Aiming: Mephitic Cloud (dangerous; 8% risk of failure)
Press: ? - help, Shift-Dir - straight line
Okay, then.
Okay, then.
Casting: Mephitic Cloud (dangerous; 8% risk of failure)
Confirm with . or Enter, or press ? or * to list all spells.
Aiming: Mephitic Cloud (dangerous; 8% risk of failure)
Press: ? - help, Shift-Dir - straight line The ball explodes into a vile cloud!
The stinking cloud engulfs the stone giant but does no damage.
The stone giant is heavily wounded.
The stone giant throws a large rock.
The large rock hits you!!!
Ouch! That really hurt!
You die...

### ### ### ###
##8###.###8###.#######
##...#...#...#...#.≈≈≈#
##...............○#☼.≈≈#
#.................§C.>≈#
#.............@...#..≈≈#
#.#...#...#...#...#.≈≈≈#
#)##.###.###8###8#######
#)#### ### ### ### #)#
#)# ####### #)# #.....#
#.# ###.....# #.#
##.......#


You could see a stone giant.

Vanquished Creatures
  A hippogriff (D:8)
  Sigmund (D:3)
  2 wyverns (D:8)
  3 yaks (D:7)
  Grum (D:8)
  2 orc warriors (D:9)
  An ice beast (D:8)
  2 sky beasts
  3 phantoms
  3 wolves (D:8)
  2 ogres
  A centaur (D:5)
  2 bullfrogs
  A big kobold (D:4)
  Blork the orc (D:6)
  A wyvern zombie (D:8)
  A scorpion (D:7)
  5 killer bees (D:8)
  2 bullfrog skeletons
  A jelly (D:7)
  2 human zombies (Ossuary)
  7 orc priests
  5 hounds
  11 orc wizards
  An iguana (D:5)
  4 worker ants
  A big kobold zombie (Ossuary)
  2 mummies (Ossuary)
  A worker ant zombie (D:6)
  3 gnolls (D:8)
  6 adders
  A shadow imp (D:7)
  7 white imps
  A worm zombie (D:7)
  3 worms
  7 dart slugs
  2 leopard geckos
  42 orcs
  5 giant cockroaches
  15 goblins
  11 hobgoblins
  10 jackals
  22 kobolds
  2 quokkas
  A ball python (D:2)
  11 bats
  6 frilled lizards
  A gnoll zombie (Ossuary)
  A goblin zombie (Ossuary)
  3 kobold zombies (Ossuary)
  5 rats
235 creatures vanquished.

Vanquished Creatures (collateral kills)
  2 orc warriors
  An ogre (D:4)
  A killer bee (D:8)
  An orc wizard (D:4)
  2 mummies (Ossuary)
  Robin (D:2)
  A gnoll (D:8)
  3 adders
  A worm (D:2)
  4 orcs
  4 jackals
21 creatures vanquished.

Vanquished Creatures (others)
  An orc (D:8)
  A kobold (D:4)
  77 plants (D:4)
  A withered plant (D:9)
80 creatures vanquished.

Grand Total: 336 creatures vanquished

Notes
Turn   | Place    | Note
-------+----------+-------------------------------------------
     0 | D:1      | Conn the Octopode Hedge Wizard began the quest for the Orb.
     0 | D:1      | Reached XP level 1. HP: 11/11 MP: 4/4
   210 | D:1      | Reached XP level 2. HP: 17/17 MP: 6/6
   780 | D:1      | Reached XP level 3. HP: 22/22 MP: 7/7
   784 | D:1      | Learned a level 2 spell: Blink
   787 | D:1      | Learned a level 2 spell: Call Imp
   791 | D:1      | Learned a level 3 spell: Conjure Flame
   795 | D:1      | Reached skill level 1 in Fighting
  1198 | D:2      | Reached skill level 3 in Stealth
  1665 | D:2      | Noticed Robin
  1701 | D:2      | Killed Robin
  1701 | D:2      | Reached XP level 4. HP: 28/28 MP: 1/9
  2301 | D:2      | Found a burning altar of Makhleb.
  2301 | D:2      | Noticed a blizzard demon
  2928 | D:3      | Noticed Sigmund
  2931 | D:3      | Reached XP level 5. HP: 34/34 MP: 10/10
  2967 | D:3      | Killed Sigmund
  2967 | D:3      | Reached skill level 1 in Short Blades
  2967 | D:3      | Reached XP level 6. HP: 27/39 MP: 8/12
  3345 | D:3      | Learned a level 3 spell: Mephitic Cloud
  3879 | D:4      | Found an opulent altar of Gozag.
  4062 | D:4      | Found Naniywno's Jewellery Boutique.
  4233 | D:4      | Found a hazy altar of Hepliaklqana.
  4492 | D:4      | Reached XP level 7. HP: 42/45 MP: 4/14
  5358 | D:5      | Entered Level 5 of the Dungeon
  5375 | D:5      | Learned a level 3 spell: Call Canine Familiar
  5512 | D:5      | Reached skill level 4 in Stealth
  5687 | D:5      | Found an iron altar of Okawaru.
  5835 | D:5      | Reached skill level 5 in Spellcasting
  6114 | D:5      | Found Dazyzuol's General Store.
  6484 | D:6      | Reached XP level 8. HP: 38/52 MP: 9/15
  6685 | D:6      | Noticed Blork the orc
  6706 | D:6      | Killed Blork the orc
  6722 | D:6      | Reached skill level 5 in Stealth
  6913 | D:6      | Found a sparkling altar of Nemelex Xobeh.
  6913 | D:6      | Found an iron altar of Okawaru.
  7594 | D:7      | Found a staircase to the Ecumenical Temple.
  7690 | Temple   | Entered the Ecumenical Temple
  7732 | Temple   | Became a worshipper of Sif Muna the Loreminder
  7809 | D:7      | Noticed a yak
  7810 | D:7      | Noticed a yak
  7810 | D:7      | Noticed a yak
  7818 | D:7      | Killed a yak
  7846 | D:7      | Killed a yak
  7847 | D:7      | Killed a yak
  7847 | D:7      | Reached skill level 6 in Stealth
  7847 | D:7      | Reached skill level 1 in Poison Magic
  7847 | D:7      | Reached XP level 9. HP: 24/58 MP: 6/18
  8027 | D:7      | Found a sand-covered staircase.
  8039 | Ossuary  | Entered an ossuary
  8358 | Ossuary  | Gained mutation: You expend magic power (3 MP) to
                  | strengthen your wands. [potion of mutation]
  8358 | Ossuary  | Gained mutation: Potions are less effective at restoring
                  | your health. [potion of mutation]
  8358 | Ossuary  | Gained mutation: You have supernaturally acute eyesight.
                  | (SInv) [potion of mutation]
  8359 | Ossuary  | Lost mutation: You expend magic power (3 MP) to strengthen
                  | your wands. [potion of mutation]
  8359 | Ossuary  | Lost mutation: Potions are less effective at restoring your
                  | health. [potion of mutation]
  8359 | Ossuary  | Gained mutation: Your flesh is cold resistant. (rC+)
                  | [potion of mutation]
  8359 | Ossuary  | Gained mutation: You passively map a small area around you.
                  | [potion of mutation]
  8359 | Ossuary  | Gained mutation: You are clumsy. (Dex -2) [potion of
                  | mutation]
  8359 | Ossuary  | Gained mutation: Your flesh is very cold resistant. (rC++)
                  | [potion of mutation]
  8498 | D:7      | Reached * piety under Sif Muna
  9027 | D:8      | Reached skill level 7 in Stealth
  9355 | D:8      | Reached skill level 1 in Throwing
  9854 | D:8      | Noticed Grum
  9862 | D:8      | Reached skill level 5 in Conjurations
  9864 | D:8      | Reached ** piety under Sif Muna
  9871 | D:8      | Killed Grum
 10315 | D:7      | Learned a level 3 spell: Summon Guardian Golem
 10329 | D:8      | Reached XP level 10. HP: 35/65 MP: 20/20
 11422 | D:9      | Found an ornate altar of the Wu Jian Council.
 11427 | D:9      | Found a blossoming altar of Fedhas.
 11548 | D:5      | Bought a scroll of acquirement for 624 gold pieces
 11584 | D:5      | Acquired the +3 warlock's mirror {reflect}
 11585 | D:5      | Found the +3 warlock's mirror {reflect}
 11810 | D:9      | Reached skill level 5 in Short Blades
 11815 | D:9      | Reached skill level 1 in Air Magic
 11818 | D:9      | Found an ancient bone altar of Kikubaaqudgha.
 11947 | D:9      | Found Latautou's Jewellery Emporium.
 12024 | D:9      | Reached skill level 5 in Fighting
 12040 | D:9      | Reached skill level 8 in Stealth
 12430 | D:9      | Found a staircase to the Orcish Mines.
 12437 | D:9      | Reached skill level 1 in Fire Magic
 12442 | Orc:1    | Entered Level 1 of the Orcish Mines
 12442 | Orc:1    | Noticed a stone giant
 12447 | D:9      | Hit by a large rock thrown by a stone giant

Illustrated notes

Levels and vault maps discovered:
D:1:      lightli_molten_gateway, layout_basic
D:2:      layout_basic, makhleb_altar_promises_db, uniq_robin
D:3:      layout_basic, uniq_sigmund
D:4:      kennysheep_kobold_camp, layout_basic, lemuel_round_altar,
          marbit_many_paths, serial_shops, shop, minmay_misc_feat_chi,
          small_statue_intersection
D:5:      layout_basic, serial_shops, nicolae_shop_behind_doors, okawaru_trees_2
D:6:      layout_cave_pods, amethyst_overflow_temple_binary,
          minmay_misc_feat_columns, uniq_blork_the_orc
D:7:      layout_gridville, minmay_temple_entry_waves, enter_ossuary_3
D:8:      layout_layer_cave, uniq_grum
D:9:      layout_rooms, fedhas_altar_2, kiku_gazebo_garden_becter,
          lemuel_crystal_altar, david_orc_4, serial_shops, shop,
          minmay_variable_closet
Temple:   eino_temple_water
Orc:1:    layout_caves, trog_hazing_becter, uniq_erica

Skill      XL: |  1  2  3  4  5  6  7  8  9 10 |
---------------+-------------------------------+-----
Fighting       | 1 2 3 4 5 |  5.0
Stealth        | 3 4 6 7 8 |  8.0
Short Blades   | 1 2 3 4 5 |  5.0
Spellcasting   | 4 5 6 7 |  7.4
Conjurations   | 2 3 4 5 6 |  6.2
Dodging        | 3 4 |  4.6
Summonings     | 2 |  2.4
Poison Magic   | 1 2 |  2.4
Throwing       | 1 |  1.3
Air Magic      | 1 |  1.3
Fire Magic     | 1 |  1.3
Shields        | |  0.5
Translocations | |  1.4
Evocations     | |  0.4

Action                   |  1- 3 |  4- 6 |  7- 9 | 10-12 || total
-------------------------+-------+-------+-------+-------++-------
Melee: Short sword       |    41 |    80 |    48 |       ||   169
       Constrict         |    18 |    23 |    43 |    17 ||   101
       Dagger            |     2 |       |   222 |   100 ||   324
       Tentacles         |    14 |    14 |    37 |    19 ||    84
Throw: Dart              |       |       |     4 |       ||     4
 Cast: Magic Dart        |    35 |    93 |   142 |    33 ||   303
       Call Imp          |     7 |    12 |     3 |     2 ||    24
       Conjure Flame     |     1 |       |     1 |       ||     2
       Blink             |       |     1 |     4 |       ||     5
       Mephitic Cloud    |       |       |    18 |     6 ||    24
       Call Canine Famil |       |       |     1 |       ||     1
       Summon Guardian G |       |       |       |     1 ||     1
Evoke: Wand              |       |     2 |     2 |       ||     4
  Use: Potion            |     1 |     2 |    10 |       ||    13
       Scroll            |       |    10 |     2 |     3 ||    15
 Stab: Sleeping          |     3 |     2 |    10 |     5 ||    20
       Paralysed         |       |     1 |     1 |       ||     2
       Distracted        |       |     1 |     1 |     1 ||     3
       Confused          |       |       |    11 |     4 ||    15
Armor: Skin              |     8 |     3 |    41 |    12 ||    64
Dodge: Dodged            |    51 |    46 |   121 |    37 ||   255
Block: Other             |       |    22 |    58 |     4 ||    84
       Reflection        |       |     2 |     1 |       ||     3
       Buckler           |       |       |       |     8 ||     8

Table legend: (Time is in decaauts)
 A = Elapsed time spent in this place.
 B = Non-inter-level travel time spent in this place.
 C = Inter-level travel time spent in this place.
 D = Time resting spent in this place.
 E = Time spent auto-exploring this place.
 F = Levels seen in this place.
 G = Mean time per level.
                   A        B        C        D        E       F      G
               +--------+--------+--------+--------+--------+-----+--------+
         Total |  12391 |  11863 |    528 |   2107 |   5863 |  12 | 1032.6 |
       Dungeon |  11997 |  11469 |    528 |   2013 |   5863 |   9 | 1333.0 |
        Temple |     60 |     60 |      0 |      0 |      0 |   1 |   60.0 |
  Orcish Mines |      2 |      2 |      0 |      0 |      0 |   1 |    2.0 |
       Ossuary |    331 |    331 |      0 |     94 |      0 |   1 |  331.0 |
               +--------+--------+--------+--------+--------+-----+--------+

Top non-repeatable levels by time:
     D:7: 1833 daAuts
     D:8: 1736 daAuts
     D:4: 1637 daAuts
     D:2: 1519 daAuts
     D:5: 1263 daAuts
     D:3: 1117 daAuts
     D:1: 1100 daAuts
     D:6: 957 daAuts
     D:9: 832 daAuts
 Ossuary: 331 daAuts
  Temple: 60 daAuts
   Orc:1: 2 daAuts
